 Dungeon Crawl Stone Soup version 0.28-a0-794-gafe8c5f9e9 (webtiles) character file.

Game seed: 627955191724229693

1682 AlleluiaPinecone the Slasher (level 8, -7/70 HPs)
             Began as a Minotaur Hunter on Nov 5, 2021.
             Was a Follower of Nemelex Xobeh.
             Mangled by Harold (25 damage)
             ... on level 7 of the Dungeon on Nov 6, 2021.
             The game lasted 00:27:54 (8630 turns).

AlleluiaPinecone the Slasher (Minotaur Hunter)      Turns: 8630, Time: 00:28:03

Health: -7/70      AC: 10    Str: 17    XL:     8   Next: 71%
Magic:  7/7        EV: 11    Int:  6    God:    Nemelex Xobeh [*.....]
Gold:   427        SH:  5    Dex: 16    Spells: 7/7 levels left

rFire   . . .      SeeInvis +   b - +10 mace of the Silent Majority {freeze, rN+ Int-2 Dex+3 Stlth+}
rCold   . . .      Faith    .   (no shield)
rNeg    + . .      Spirit   .   i - +0 scale mail
rPois   +          Reflect  +   (helmet restricted)
rElec   .          Harm     .   A - +1 cloak {rPois}
rCorr   .          Rampage  .   u - +0 pair of gloves
Will    .....                   (no boots)
Stlth   ++........              c - amulet of reflection
HPRegen 0.21/turn               n - ring of see invisible
MPRegen 0.10/turn               y - ring of poison resistance

@: marked
A: horns 2, retaliatory headbutt
a: Renounce Religion, Draw Escape, Draw Destruction, Draw Summoning


You were on level 7 of the Dungeon.
You worshipped Nemelex Xobeh.
Nemelex Xobeh was aware of your devotion.
You visited 2 branches of the dungeon, and saw 8 of its levels.

You collected 427 gold pieces.

Inventory:

Hand Weapons
 a - a +1 hand crossbow
 b - the +10 mace of the Silent Majority (weapon) {freeze, rN+ Int-2 Dex+3 Stlth+}
   (You found it on level 6 of the Dungeon)

   It freezes those it strikes, dealing additional cold damage.
   It can also slow down cold-blooded creatures.
   Int:       It affects your intelligence (-2).
   Dex:       It affects your dexterity (+3).
   rN:        It protects you from negative energy.
   Stlth:     It makes you more stealthy.
Missiles
 d - 45 bolts
 h - 212 stones
 p - 93 arrows
 r - 5 boomerangs (quivered)
 x - 31 sling bullets
Armour
 i - a +0 scale mail (worn)
 u - a +0 pair of gloves (worn)
 A - a +1 cloak of poison resistance (worn)
Jewellery
 c - an amulet of reflection (around neck)
 j - a ring of wizardry
 n - a ring of see invisible (left hand)
 y - a ring of poison resistance (right hand)
Wands
 g - a wand of acid (4)
 o - a wand of iceblast (4)
 w - a wand of paralysis (10)
Scrolls
 s - 3 scrolls of teleportation
 t - a scroll of magic mapping
 z - a scroll of vulnerability {unknown}
Potions
 e - a potion of curing
 f - 4 potions of flight
 k - a potion of lignification
 l - 2 potions of degeneration
 m - a potion of attraction {unknown}
 q - 2 potions of mutation {unknown}
 v - a potion of magic {unknown}


   Skills:
 - Level 5.8 Fighting
 - Level 7.5 Long Blades
 * Level 2.7 Maces & Flails
 - Level 7.0 Crossbows
 + Level 0.3 Throwing
 - Level 5.0 Armour
 + Level 3.2 Dodging
 + Level 1.2 Stealth
 + Level 2.2 Shields


You had 7 spell levels left.
You didn't know any spells.
Your spell library contained the following spells:

 Spells                   Type           Power      Damage    Failure   Level
 Slow                     Hex            0%         N/A       83%         1
 Sting                    Tmut/Pois      0%         1d3       83%         1
 Corpse Rot               Necr/Air       0%         N/A       93%         2
 Poisonous Vapours        Pois/Air       0%         N/A       93%         2
 Confusing Touch          Hex            0%         N/A       99%         3
 Dispel Undead            Necr           0%         3d6       100%        4
 Olgreb's Toxic Radiance  Pois           0%         N/A       100%        4
 Yara's Violent Unravell  Hex/Tmut       0%         3d3       100%        5
 Death Channel            Necr           0%         N/A       100%        6


Dungeon Overview and Level Annotations

Branches:
Dungeon (7/15)             Temple (1/1) D:4

Altars:
Ashenzari
Cheibriados
Dithmenos
Hepliaklqana
Kikubaaqudgha
Makhleb
Nemelex Xobeh
Okawaru
Sif Muna
Xom
Beogh

Annotations:
D:4 3 runed translucent doors, swuauws's ghost, novice MfGl
D:7 Harold


Innate Abilities, Weirdness & Mutations

You have a pair of horns on your head.
You reflexively headbutt those who attack you in melee.


Message History

You barely miss Harold. You headbutt Harold.
Harold is lightly wounded.
Harold points at you and mumbles some strange words.
A sentinel's mark forms upon you.
You sock Harold! You freeze Harold.
Harold is lightly wounded.
Harold hits you with a +2 dire flail of holy wrath.
Harold barely misses you.
You sock Harold! You freeze Harold.
Harold is moderately wounded.
You block Harold's attack.
You closely miss Harold.
Harold is moderately wounded.
Harold hits you with a +2 dire flail of holy wrath.
You sock Harold! You freeze Harold.
Harold is heavily wounded.
Harold hits you with a +2 dire flail of holy wrath!
You are too injured to fight recklessly!
You are too injured to fight recklessly!
You are too injured to fight recklessly!
You are too injured to fight recklessly!
You are too injured to fight recklessly!
You are too injured to fight recklessly!
You are too injured to fight recklessly!
You are too injured to fight recklessly!
You are too injured to fight recklessly!
You are too injured to fight recklessly!
You are too injured to fight recklessly!
You are too injured to fight recklessly!
You are too injured to fight recklessly!
You are too injured to fight recklessly!
You are too injured to fight recklessly!
You feel better. You block Harold's attack.
You hit Harold but do no damage.
Harold is heavily wounded.
Harold hits you with a +2 dire flail of holy wrath!!
* * * LOW HITPOINT WARNING * * *
Harold hits you with a +2 dire flail of holy wrath!!
You die...
Your body disappears without a glow.

##......##....
.##......##....
..........#....
..........#.... ###
.##......##....
....##+#####......##'###
...........#......#.....
...........#......#.....
......@@...#......#.....
...<.......'......#.....
####.......#......#.....
#########......#.....
#.......#.....
##+######.....
#.............
####.............
.......).........


You could see Harold.

Vanquished Creatures
  Prince Ribbit (D:6)
  Sigmund (D:3)
  Duvessa (D:6)
  A sky beast (D:5)
  2 ogres
  A wyvern zombie (D:7)
  3 scorpions
  Dowan (D:6)
  A water moccasin skeleton (D:5)
  A jelly (D:1)
  A bullfrog skeleton (D:5)
  Crazy Yiuf (D:6)
  An orc priest (D:7)
  2 hounds
  5 iguanas
  2 orc wizards
  Natasha (thrice) (D:3)
  A hound skeleton (D:5)
  7 adders
  A shadow imp (D:6)
  An adder skeleton (D:4)
  4 worms
  3 dart slugs
  15 orcs
  6 endoplasms
  8 giant cockroaches
  10 goblins
  4 hobgoblins
  4 jackals (D:1)
  4 kobolds
  3 quokkas
  9 ball pythons
  7 bats
  6 frilled lizards
  11 rats
  A spectral goblin (D:6)
133 creatures vanquished.

Notes
Turn   | Place    | Note
-------+----------+-------------------------------------------
     0 | D:1      | AlleluiaPinecone the Minotaur Hunter began the quest for
                  | the Orb.
     0 | D:1      | Reached XP level 1. HP: 18/18 MP: 0/0
     1 | D:1      | Found a runed translucent door.
     2 | D:1      | Noticed a jelly
   132 | D:1      | Reached XP level 2. HP: 12/25 MP: 1/1
   771 | D:1      | Reached skill level 5 in Crossbows
  1018 | D:1      | Reached XP level 3. HP: 30/30 MP: 2/2
  1029 | D:1      | Found a faded altar of an unknown god.
  1246 | D:2      | Reached skill level 1 in Armour
  1518 | D:2      | Reached XP level 4. HP: 38/38 MP: 3/3
  2263 | D:3      | Noticed Natasha
  2277 | D:3      | Killed Natasha
  2722 | D:3      | Found a sparkling altar of Nemelex Xobeh.
  2733 | D:3      | Noticed Sigmund
  2744 | D:4      | Reached XP level 5. HP: 45/45 MP: 4/4
  2802 | D:4      | Found a staircase to the Ecumenical Temple.
  2928 | D:4      | Reached skill level 1 in Long Blades
  2973 | D:4      | Identified the +0 robe of Usmo {Rampage Regen+ Str-3 Dex+5}
  2998 | D:4      | Found a snail-covered altar of Cheibriados.
  2998 | D:4      | Found an ancient bone altar of Kikubaaqudgha.
  2999 | D:4      | Found a shimmering blue altar of Sif Muna.
  3085 | D:3      | Killed Sigmund
  3086 | D:3      | Reached XP level 6. HP: 44/51 MP: 5/5
  3108 | D:3      | Became a worshipper of Nemelex Xobeh the Trickster
  3168 | D:3      | Noticed Natasha
  3172 | D:3      | Killed Natasha
  3496 | D:3      | Noticed Natasha
  3509 | D:3      | Killed Natasha
  3827 | D:3      | Found a shimmering altar of Xom.
  3832 | D:3      | Found an iron altar of Okawaru.
  3972 | D:4      | Identified the +14 chain mail of Goqerof {Rampage rN+
                  | Int+2}
  3972 | D:4      | Noticed an orc warrior
  3972 | D:4      | Identified the +5 spear "Rues Oca" {vorpal, Int+5}
  3972 | D:4      | Noticed swuauws's ghost (novice MfGl)
  3972 | D:4      | Found a runed translucent gate.
  3972 | D:4      | Found a runed translucent gate.
  3972 | D:4      | Found a runed translucent gate.
  4763 | D:1      | Reached skill level 1 in Stealth
  5045 | Temple   | Entered the Ecumenical Temple
  5071 | D:5      | Entered Level 5 of the Dungeon
  5110 | D:5      | Reached XP level 7. HP: 49/58 MP: 6/6
  5184 | D:5      | Reached skill level 1 in Shields
  5726 | D:5      | Reached skill level 5 in Long Blades
  5858 | D:5      | Reached * piety under Nemelex Xobeh
  5858 | D:5      | Received a gift from Nemelex Xobeh
  7108 | D:6      | Reached XP level 8. HP: 67/67 MP: 7/7
  7140 | D:6      | Noticed Duvessa
  7145 | D:6      | Noticed Dowan
  7151 | D:6      | Killed Duvessa
  7159 | D:6      | Noticed Prince Ribbit
  7172 | D:6      | Killed Dowan
  7180 | D:6      | Killed Prince Ribbit
  7181 | D:6      | Reached skill level 5 in Fighting
  7631 | D:6      | Found a hazy altar of Hepliaklqana.
  7715 | D:6      | Found a shadowy altar of Dithmenos.
  7736 | D:6      | Reached skill level 5 in Armour
  7966 | D:6      | Found a runed translucent door.
  7967 | D:6      | Noticed Crazy Yiuf
  7978 | D:6      | Killed Crazy Yiuf
  7983 | D:6      | Identified the +10 mace of the Silent Majority {freeze, rN+
                  | Int-2 Dex+3 Stlth+}
  8269 | D:7      | Reached skill level 1 in Maces & Flails
  8619 | D:7      | Noticed Harold
  8630 | D:7      | Mangled by Harold

Illustrated notes

Levels and vault maps discovered:
D:1:      dpeg_arrival_caged_fury, layout_rooms, serial_rivers,
          chequers_serial_rivers_large_a, chequers_serial_rivers_small_a,
          chequers_serial_rivers_room_b, chequers_serial_rivers_room_b,
          chequers_serial_rivers_micro_e, chequers_serial_rivers_large_b,
          hellmonk_ecumenical_altar_leap_of_faith
D:2:      layout_basic, minmay_indecisive_spiral
D:3:      layout_loops_cross, mainiacjoe_overflow_chevrons,
          amethyst_overflow_temple_binary, kennysheep_generic_room_10,
          uniq_natasha, uniq_sigmund
D:4:      layout_loops_ring, gammafunk_temple_overflow_claw, temple_statues,
          biasface_ghost_orc_armoury
D:5:      layout_basic
D:6:      layout_loops_cross, mainiacjoe_overflow_small_starburst,
          nicolae_hepliaklqana_monster_ancestors, uniq_prince_ribbit1,
          uniq_crazy_yiuf_cottage, uniq_duvessa
D:7:      layout_gridville, gammafunk_ghost_necromancy, uniq_harold
Temple:   compressed_dpeg_triangle_lava_temple

Skill      XL: |  1  2  3  4  5  6  7  8 |
---------------+-------------------------+-----
Crossbows      | 5 6 7 |  7.0
Armour         | 1 2 3 4 5 |  5.0
Fighting       | 3 4 5 |  5.8
Long Blades    | 3 6 7 |  7.5
Stealth        | 1 |  1.2
Shields        | 1 2 |  2.2
Dodging        | 3 |  3.2
Maces & Flails | 2 |  2.7
Throwing       | |  0.3

Action                   |  1- 3 |  4- 6 |  7- 9 || total
-------------------------+-------+-------+-------++-------
Melee: Short sword       |     1 |       |       ||     1
       Long sword        |       |   107 |    69 ||   176
       Headbutt          |       |    13 |    20 ||    33
       Mace              |       |       |    27 ||    27
 Fire: Hand crossbow     |    85 |    38 |    60 ||   183
Throw: Boomerang         |       |     4 |       ||     4
Invok: Draw Destruction  |       |       |     1 ||     1
       Draw Summoning    |       |       |     1 ||     1
  Use: Scroll            |       |     9 |     2 ||    11
       Potion            |       |     1 |     4 ||     5
Armor: Leather armour    |     4 |       |       ||     4
       Scale mail        |    11 |    51 |    34 ||    96
       Skin              |       |       |     6 ||     6
Dodge: Dodged            |    15 |    55 |    54 ||   124
Block: Other             |       |    32 |    33 ||    65
       Reflection        |       |     3 |       ||     3

Table legend: (Time is in decaauts)
 A = Elapsed time spent in this place.
 B = Non-inter-level travel time spent in this place.
 C = Inter-level travel time spent in this place.
 D = Time resting spent in this place.
 E = Time spent auto-exploring this place.
 F = Levels seen in this place.
 G = Mean time per level.
                   A        B        C        D        E       F      G
               +--------+--------+--------+--------+--------+-----+--------+
         Total |   8753 |   8299 |    454 |   2611 |   4281 |   8 | 1094.1 |
       Dungeon |   8752 |   8298 |    454 |   2611 |   4281 |   7 | 1250.3 |
        Temple |      1 |      1 |      0 |      0 |      0 |   1 |    1.0 |
               +--------+--------+--------+--------+--------+-----+--------+

Top non-repeatable levels by time:
     D:5: 1997 daAuts
     D:3: 1939 daAuts
     D:1: 1440 daAuts
     D:6: 1203 daAuts
     D:2: 897 daAuts
     D:4: 896 daAuts
     D:7: 376 daAuts
  Temple: 1 daAuts
